[Event "Titled Tuesday Blitz June 20 Late 2023"]
[White "Thiel, Thomas"]
[Black "Vargas, Mauricio"]
[WhiteFideId "4615964"]
[BlackFideId "4404572"]
[WhiteElo "2198"]
[BlackElo "1986"]
[Result "1-0"]
[Round "7"]
[TimeControl "180+2"]
[Date "2023.06.20"]
[WhiteClock "0:01:27"]
[BlackClock "0:00:16"]
[Board "143"]

1. e4 Nc6 2. Nf3 d5 3. exd5 Qxd5 4. Nc3 Qd6 5. Bb5 a6 6. Bxc6+ Qxc6 7. d4 e6 8. O-O b5 9. Ne5 Qd6 10. Qf3 Bb7 11. Qxb7 Rd8 12. Be3 f6 13. Nc6 Rd7 14. Ne4 Qd5 15. Nc5 Rd6 16. Qc8+ Kf7 17. Nb4 Qh5 18. Qxc7+ Kg6 19. Nc6 Rd5 20. Nxe6 Qh4 21. Nxf8+ Kh5 22. Qxg7 Nh6 23. Qxh8 1-0


[Site "https://www.chess.com"]

[Event "Titled Tuesday Blitz June 20 Late 2023"]
[White "Powell, Paul"]
[Black "Grabs, Peter"]
[WhiteFideId "2005840"]
[BlackFideId "16203887"]
[WhiteElo "2160"]
[BlackElo "1669"]
[Result "0-1"]
[Round "7"]
[TimeControl "180+2"]
[Date "2023.06.20"]
[WhiteClock "0:01:55"]
[BlackClock "0:01:26"]
[Board "144"]

1. d4 e6 2. Nf3 d5 3. Bf4 Nf6 4. e3 Bd6 5. Ne5 Nbd7 6. Nd2 Bxe5 7. Bxe5 Nxe5 8. dxe5 Nd7 9. f4 O-O 10. Nf3 f6 11. exf6 Nxf6 12. Bd3 c5 13. c3 b6 14. O-O Bb7 15. Qe1 Nd7 16. Bxh7+ Kxh7 17. Ng5+ Kg8 18. Qh4 Nf6 19. Qh3 Bc8 20. Qh4 Qe8 21. Rf3 Qh5 22. Qf2 Ne4 23. Rh3 Qxh3 24. Nxh3 Nxf2 0-1


[Site "https://www.chess.com"]

[Event "Titled Tuesday Blitz June 20 Late 2023"]
[White "Ozalp, Burak"]
[Black "Calderin Gonzalez, Roberto"]
[WhiteFideId "6314210"]
[BlackFideId "5102979"]
[WhiteElo "2106"]
[BlackElo "2091"]
[Result "1-0"]
[Round "7"]
[TimeControl "180+2"]
[Date "2023.06.20"]
[WhiteClock "0:00:15"]
[BlackClock "0:00:00"]
[Board "145"]

1. Nf3 d5 2. b3 Nf6 3. Bb2 Bf5 4. e3 e6 5. Be2 Bd6 6. O-O O-O 7. c4 c6 8. h3 Nbd7 9. d4 Bg6 10. Nbd2 Qe7 11. Ne5 Ne8 12. f4 Bxe5 13. fxe5 f6 14. a4 fxe5 15. Ba3 Rxf1+ 16. Bxf1 Qf7 17. cxd5 exd5 18. dxe5 Nxe5 19. Bb2 Nd7 20. Nf3 Nef6 21. a5 Qe7 22. Qd4 Re8 23. a6 b6 24. Re1 c5 25. Qd2 Bh5 26. Bb5 Bxf3 27. gxf3 d4 28. Qg2 dxe3 29. Qg5 Ne5 30. Kg2 Ng6 31. Bxe8 Qxe8 32. Bxf6 gxf6 33. Qxf6 Qd7 34. Kg3 Qd2 35. Qe6+ Kg7 36. Rxe3 Qd1 37. Re1 Qd4 38. Qe4 Qd6+ 39. Kg2 Nf4+ 40. Kh1 1-0


[Site "https://www.chess.com"]

[Event "Titled Tuesday Blitz June 20 Late 2023"]
[White "KSho99"]
[Black "Cooper, Aaron"]
[BlackFideId "2634945"]
[WhiteElo "2193"]
[BlackElo "2277"]
[Result "1-0"]
[Round "7"]
[TimeControl "180+2"]
[Date "2023.06.20"]
[WhiteClock "0:00:30"]
[BlackClock "0:00:21"]
[Board "146"]

1. d4 Nf6 2. Nc3 d5 3. Bf4 g6 4. e3 Bg7 5. h4 c6 6. Nf3 Bg4 7. Be2 Nbd7 8. Ne5 Bxe2 9. Qxe2 Qa5 10. Nd3 Ne4 11. O-O Nxc3 12. Qd2 O-O 13. bxc3 f6 14. a4 e5 15. Bg3 Rfe8 16. Rfb1 Rab8 17. Rb4 Bf8 18. Rb3 c5 19. Rb5 Qc7 20. Nxc5 a6 21. Nxd7 Qxd7 22. Rb6 Bg7 23. h5 Re6 24. Rxe6 Qxe6 25. h6 Bf8 26. Qc1 Bxh6 27. Qb2 Qc6 28. dxe5 fxe5 29. Bxe5 Rc8 30. Rb1 b5 31. axb5 axb5 32. Qxb5 Bg7 33. Qxc6 Rxc6 34. Rb8+ Bf8 35. Kf1 Kf7 36. Rb7+ Be7 37. Ke2 Re6 38. Bd4 Ke8 39. Kd3 Kd8 40. Rb8+ Kc7 41. Rh8 h5 42. Rh7 Kd7 43. Bc5 Kd8 44. Bxe7+ Rxe7 45. Rxe7 Kxe7 46. c4 1-0


[Site "https://www.chess.com"]

[Event "Titled Tuesday Blitz June 20 Late 2023"]
[White "Alexikov, Alexander"]
[Black "Campos, Maria Jose"]
[WhiteFideId "14103958"]
[BlackFideId "146803"]
[WhiteElo "2186"]
[BlackElo "2170"]
[Result "0-1"]
[Round "7"]
[TimeControl "180+2"]
[Date "2023.06.20"]
[WhiteClock "0:00:00"]
[BlackClock "0:00:23"]
[Board "147"]

1. e4 e5 2. Nf3 Nc6 3. c3 Nf6 4. d4 Nxe4 5. d5 Ne7 6. Nxe5 Ng6 7. Qf3 Nxe5 8. Qxe4 Qe7 9. Be3 Ng6 10. Qd4 Qe5 11. Nd2 Bd6 12. Nf3 Qxd4 13. Nxd4 c6 14. Nf5 Be5 15. d6 O-O 16. g3 b6 17. f4 Bf6 18. Kf2 Re8 19. h4 Bb7 20. Bc4 c5 21. Rhd1 Be4 22. Bd3 Bc6 23. a4 a5 24. Bb5 Rac8 25. Bxc6 Rxc6 26. Kf3 h5 27. Rd5 Nf8 28. Bf2 Re6 29. Rad1 Re8 30. Ne3 g6 31. Nc4 Kg7 32. f5 Nh7 33. Be3 Rf8 34. Bf4 Re8 35. R1d2 Re1 36. Re2 Rxe2 37. Kxe2 g5 38. hxg5 Bxg5 39. Kf3 Bf6 40. Ke3 Ng5 41. Ne5 Bxe5 42. Bxe5+ f6 43. Bf4 Nf7 44. Kd3 c4+ 45. Kd4 Nh6 46. Ke4 Ng4 47. Kf3 Nh2+ 48. Kg2 Ng4 49. Kh3 Nf2+ 50. Kh4 Nd3 51. b3 Nxf4 52. gxf4 cxb3 53. Rb5 Rxd6 54. Rxb3 Kh6 55. Rb5 Rc6 56. Rc5 Rxc5 57. Kg3 Rxf5 58. Kf3 Rc5 59. Ke4 Rc4+ 60. Kf5 Rxa4 0-1


[Site "https://www.chess.com"]

[Event "Titled Tuesday Blitz June 20 Late 2023"]
[White "Antonio, Jorge Carlos"]
[Black "Ricaurte Lopez, Juan Carlos"]
[WhiteFideId "113190"]
[BlackFideId "3600327"]
[WhiteElo "2247"]
[BlackElo "2200"]
[Result "1-0"]
[Round "7"]
[TimeControl "180+2"]
[Date "2023.06.20"]
[WhiteClock "0:00:50"]
[BlackClock "0:00:25"]
[Board "148"]

1. d4 Nf6 2. Nf3 e6 3. Bf4 b6 4. e3 Bb7 5. Be2 Be7 6. O-O Nh5 7. Be5 d6 8. Bg3 Nxg3 9. hxg3 O-O 10. Nbd2 f5 11. Bd3 c5 12. c3 Nd7 13. Re1 Nf6 14. Ng5 Qd7 15. Bc4 d5 16. Bd3 Ne4 17. Ngf3 Bf6 18. Ne5 Bxe5 19. dxe5 Rad8 20. Nf1 a6 21. Qh5 g6 22. Qh6 d4 23. exd4 cxd4 24. c4 Nc5 25. Rad1 Nxd3 26. Rxd3 Be4 27. Rdd1 Bc2 28. Rd2 d3 29. Ne3 Ba4 30. b3 Bc6 31. Red1 Qd4 32. Rxd3 Qxd3 33. Rxd3 Rxd3 34. Qg5 Kf7 35. Qf6+ 1-0


[Site "https://www.chess.com"]

[Event "Titled Tuesday Blitz June 20 Late 2023"]
[White "Paravyan, David"]
[Black "Martinez Alcantara, Jose Eduardo"]
[WhiteFideId "4194985"]
[BlackFideId "3805662"]
[WhiteElo "2563"]
[BlackElo "2711"]
[Result "1-0"]
[Round "8"]
[TimeControl "180+2"]
[Date "2023.06.20"]
[WhiteClock "0:00:27"]
[BlackClock "0:00:02"]
[Board "1"]

1. e4 c5 2. Nf3 d6 3. d4 cxd4 4. Nxd4 a6 5. c4 e6 6. Nc3 Nf6 7. Be2 h5 8. O-O Be7 9. h3 b6 10. f4 Bb7 11. Bf3 Qc7 12. Be3 Nbd7 13. Rc1 Nc5 14. Qc2 Rc8 15. b4 Ncd7 16. Qf2 g6 17. a3 Qb8 18. Qe2 h4 19. f5 gxf5 20. exf5 e5 21. Ne6 e4 22. Nxe4 Bxe4 23. Bxe4 Nxe4 24. Bd4 Ng3 25. Qg4 Ne5 26. Qg7 Kd7 27. Bxe5 Nxf1 28. Qxf7 Rhe8 29. Rd1 Ne3 30. Rxd6+ Qxd6 31. Bxd6 Kxd6 32. c5+ Ke5 33. Ng7 Bf6 34. Nxe8 Bg5 35. Qe6+ 1-0


[Site "https://www.chess.com"]

[Event "Titled Tuesday Blitz June 20 Late 2023"]
[White "Firouzja, Alireza"]
[Black "Anton Guijarro, David"]
[WhiteFideId "12573981"]
[BlackFideId "2285525"]
[WhiteElo "2896"]
[BlackElo "2618"]
[Result "1/2-1/2"]
[Round "8"]
[TimeControl "180+2"]
[Date "2023.06.20"]
[WhiteClock "0:00:03"]
[BlackClock "0:00:07"]
[Board "2"]

1. e4 c6 2. d4 d5 3. Nc3 dxe4 4. Nxe4 Nf6 5. Nxf6+ exf6 6. c3 Bd6 7. Bd3 O-O 8. Qc2 Re8+ 9. Ne2 h5 10. O-O h4 11. h3 Nd7 12. Bf4 Nf8 13. Bxd6 Qxd6 14. Rfe1 Bd7 15. Qd2 Ng6 16. Rad1 Re7 17. Bxg6 fxg6 18. Nf4 g5 19. Rxe7 Qxe7 20. Re1 Qf7 21. Nd3 Re8 22. b3 b6 23. c4 Bf5 24. Nb4 Rxe1+ 25. Qxe1 Qd7 26. d5 cxd5 27. Nxd5 Be6 28. Nc3 g4 29. hxg4 Bxg4 30. f3 Qd4+ 31. Kh1 Bd7 32. Nd5 h3 33. gxh3 Qd3 34. Kg2 Qc2+ 35. Kg3 Qg6+ 36. Kf2 Qc2+ 37. Qe2 Qxe2+ 38. Kxe2 Bxh3 39. Ne7+ Kf7 40. Nc6 a5 41. Ke3 Bd7 42. Nd4 Ke7 43. Ne2 g5 44. Ng3 Kd6 45. f4 Bc6 46. Nh5 Ke6 47. Ng7+ Kd6 48. Nh5 Ke7 49. f5 Bg2 50. Kd4 Bh3 51. Ng3 Kd6 52. a3 Bg2 53. b4 axb4 54. axb4 Bh3 55. Ne4+ Ke7 56. Ng3 Kd6 57. b5 Bg4 58. Ne4+ Ke7 59. Nc3 Bxf5 60. Nd5+ Kd6 61. Nxb6 Be6 62. c5+ Kc7 63. Na4 g4 64. Nc3 g3 65. Ke3 f5 66. Ne2 Bc4 67. b6+ Kc6 68. Nxg3 Ba6 69. Kd4 f4 70. Ne4 f3 71. Nf2 Bb7 72. Nd3 Kb5 73. Nf2 Kc6 74. Ne4 Kb5 75. Nd6+ Kc6 76. Ke3 Kxc5 77. Nxb7+ Kxb6 78. Kxf3 1/2-1/2


[Site "https://www.chess.com"]

[Event "Titled Tuesday Blitz June 20 Late 2023"]
[White "Kollars, Dmitrij"]
[Black "Xiong, Jeffery"]
[WhiteFideId "12909572"]
[BlackFideId "2047640"]
[WhiteElo "2584"]
[BlackElo "2726"]
[Result "1/2-1/2"]
[Round "8"]
[TimeControl "180+2"]
[Date "2023.06.20"]
[WhiteClock "0:01:17"]
[BlackClock "0:02:08"]
[Board "3"]

1. e4 e6 2. d4 d5 3. Nc3 Nf6 4. Bg5 dxe4 5. Nxe4 Be7 6. Nxf6+ Bxf6 7. Bxf6 Qxf6 8. Nf3 O-O 9. Qd3 Nc6 10. O-O-O e5 11. dxe5 Nxe5 12. Nxe5 Qxe5 13. Qd4 Qxd4 14. Rxd4 Be6 15. Bc4 Rfd8 16. Rxd8+ Rxd8 17. Bxe6 fxe6 18. Rd1 Rxd1+ 19. Kxd1 Kf7 20. Kd2 Kf6 21. Ke3 Ke5 1/2-1/2


[Site "https://www.chess.com"]

[Event "Titled Tuesday Blitz June 20 Late 2023"]
[White "Yoo, Christopher Woojin"]
[Black "Iturrizaga Bonelli, Eduardo"]
[WhiteFideId "30909694"]
[BlackFideId "3901211"]
[WhiteElo "2528"]
[BlackElo "2647"]
[Result "1-0"]
[Round "8"]
[TimeControl "180+2"]
[Date "2023.06.20"]
[WhiteClock "0:00:36"]
[BlackClock "0:00:00"]
[Board "4"]

1. d4 Nf6 2. Nf3 e6 3. c4 b6 4. g3 Bb7 5. Bg2 Bb4+ 6. Bd2 a5 7. O-O O-O 8. a3 Be7 9. Bf4 a4 10. Nc3 d5 11. Ne5 Qc8 12. cxd5 Nxd5 13. Nxd5 Bxd5 14. e4 Bb3 15. Qg4 c5 16. Rac1 Nd7 17. Bh6 Bf6 18. Nxd7 Qxd7 19. e5 Qxd4 20. Qxd4 cxd4 21. exf6 gxh6 22. Bxa8 Rxa8 23. Rc7 d3 24. Rfc1 Bc2 25. Rd7 h5 26. f3 h6 27. Kf2 Ra5 28. g4 hxg4 29. Rg1 h5 30. fxg4 h4 31. g5 Rf5+ 32. Ke3 Re5+ 33. Kd4 Rf5 34. g6 fxg6 35. Rxg6+ Kf8 36. Rh6 Rd5+ 37. Rxd5 exd5 38. Ke3 1-0


[Site "https://www.chess.com"]

[Event "Titled Tuesday Blitz June 20 Late 2023"]
[White "Ibarra Jerez, Jose Carlos"]
[Black "Terry, Renato"]
[WhiteFideId "2226332"]
[BlackFideId "3803457"]
[WhiteElo "2631"]
[BlackElo "2575"]
[Result "0-1"]
[Round "8"]
[TimeControl "180+2"]
[Date "2023.06.20"]
[WhiteClock "0:00:00"]
[BlackClock "0:00:08"]
[Board "5"]

1. d4 e6 2. Bf4 Nf6 3. e3 d5 4. Nd2 Bd6 5. Bg3 c5 6. Bb5+ Nc6 7. c3 O-O 8. Ngf3 cxd4 9. exd4 Ne4 10. Bxd6 Nxd6 11. Bd3 f5 12. O-O Ne4 13. Nb3 Bd7 14. Qe2 Qf6 15. Ne5 Nxe5 16. dxe5 Qe7 17. f3 Nc5 18. Nd4 f4 19. Bc2 Qg5 20. Rfe1 Rae8 21. a4 Re7 22. a5 Na6 23. Qf2 Nb8 24. Bd3 a6 25. Re2 Nc6 26. Nxc6 Bxc6 27. Qd4 Rc8 28. Qb4 Rd7 29. Qd4 Rf7 30. Rae1 g6 31. Rf2 Qd8 32. Rd1 Qxa5 33. b4 Qd8 34. Ra1 Qe8 35. Ra5 Kg7 36. Rfa2 g5 37. h3 Rfc7 38. R5a3 Bb5 39. Bc2 Bc4 40. Ra1 Qf7 41. Re1 Bb5 42. Kf2 Qh5 43. Kg1 Qh4 44. Qd2 Rc4 45. Bd3 R4c7 46. Bxb5 axb5 47. Rd1 Rc4 48. Qd3 Qh6 49. Ra7 R8c7 50. Ra5 Rxc3 51. Qxb5 Qh4 52. Ra7 Rc1 53. Rf1 Rxf1+ 54. Qxf1 Qh6 55. Qf2 Qg6 56. Qb6 Qf7 57. Kh2 Qe7 58. Qd6 Qxd6 59. exd6 Rd7 60. h4 Kf6 61. Kh3 h5 62. hxg5+ Kxg5 63. b5 d4 64. b6 d3 65. Ra5+ Kf6 66. Ra1 Rxd6 67. Kh4 Rd5 68. Rd1 d2 69. g3 fxg3 70. Kh3 Kg5 71. Kxg3 h4+ 72. Kf2 Kf4 73. Ke2 h3 0-1


[Site "https://www.chess.com"]

[Event "Titled Tuesday Blitz June 20 Late 2023"]
[White "Grischuk, Alexander"]
[Black "Rasulov, Vugar"]
[WhiteFideId "4126025"]
[BlackFideId "13402390"]
[WhiteElo "2721"]
[BlackElo "2509"]
[Result "0-1"]
[Round "8"]
[TimeControl "180+2"]
[Date "2023.06.20"]
[WhiteClock "0:00:00"]
[BlackClock "0:00:04"]
[Board "6"]

1. d4 Nf6 2. Nf3 d5 3. Bg5 e6 4. Nbd2 Be7 5. e3 Nbd7 6. Bd3 b6 7. Ne5 Nxe5 8. dxe5 Nd7 9. Bf4 c5 10. h4 Bb7 11. Qg4 g6 12. c3 Qc7 13. Nf3 O-O-O 14. a4 a5 15. h5 Rdg8 16. h6 g5 17. Bg3 Kb8 18. Kf1 Ka7 19. Kg1 Qc8 20. Qh5 f5 21. Qf7 f4 22. exf4 gxf4 23. Bxf4 d4 24. Rh3 Re8 25. Bb5 Bd5 26. Bg5 Rhf8 27. Qxh7 Rh8 28. Qf7 Rhf8 29. Qxe7 Rxe7 30. Bxe7 Rh8 31. cxd4 cxd4 32. Nxd4 Nxe5 33. Bf6 Ng4 34. Bxh8 Qxh8 35. Rd1 Qf6 36. Nf3 Nxh6 37. Bf1 b5 38. axb5 Ng4 39. Rd2 Kb6 40. Nd4 a4 41. Nf3 Qf4 42. Re2 Qc1 43. Re1 Qxb2 44. Rg3 Nf6 45. Ne5 Qd2 46. Rb1 Qa2 47. Rc1 Ne4 48. Nd3 Nxg3 49. fxg3 Qd2 50. Ra1 Qe3+ 51. Nf2 Qd4 0-1


[Site "https://www.chess.com"]

[Event "Titled Tuesday Blitz June 20 Late 2023"]
[White "Liang, Awonder"]
[Black "Tsaruk, Maksim"]
[WhiteFideId "2056437"]
[BlackFideId "13511173"]
[WhiteElo "2508"]
[BlackElo "2363"]
[Result "0-1"]
[Round "8"]
[TimeControl "180+2"]
[Date "2023.06.20"]
[WhiteClock "0:01:52"]
[BlackClock "0:01:02"]
[Board "7"]

1. h4 e5 2. c4 Nc6 3. Nc3 Nf6 4. Nf3 Bc5 5. e3 O-O 6. d4 exd4 7. exd4 Re8+ 8. Be2 Bb4 9. Bg5 h6 10. Bd2 d6 11. Qc2 Bg4 12. Be3 Ne4 13. O-O-O Nxc3 14. bxc3 Ba3+ 15. Kb1 a6 16. Rde1 Qf6 17. Ng5 Bf5 18. Bd3 Bxd3 19. Qxd3 hxg5 20. hxg5 Qg6 21. Qxg6 fxg6 22. Kc2 Na5 23. Rh4 Nxc4 24. Kb3 b5 25. Reh1 d5 26. Bf4 Bd6 0-1


[Site "https://www.chess.com"]

[Event "Titled Tuesday Blitz June 20 Late 2023"]
[White "Kamsky, Gata"]
[Black "Cardoso Cardoso, Jose Gabriel"]
[WhiteFideId "2000024"]
[BlackFideId "4430492"]
[WhiteElo "2660"]
[BlackElo "2484"]
[Result "1/2-1/2"]
[Round "8"]
[TimeControl "180+2"]
[Date "2023.06.20"]
[WhiteClock "0:00:14"]
[BlackClock "0:00:03"]
[Board "8"]

1. d4 Nf6 2. Nf3 d5 3. Bf4 c5 4. e3 Nc6 5. c3 Qb6 6. Qb3 c4 7. Qc2 Bf5 8. Qc1 h6 9. Nbd2 e6 10. Be2 Nh5 11. Bg3 Nxg3 12. hxg3 Qd8 13. O-O Be7 14. Re1 O-O 15. Bd1 b5 16. e4 dxe4 17. Nxe4 a6 18. a3 Re8 19. Bc2 Bf8 20. Qf4 Ne7 21. Ne5 Ng6 22. Qe3 Nxe5 23. dxe5 Qc7 24. f4 Rad8 25. Qe2 Rd5 26. Rad1 Red8 27. g4 Bh7 28. g5 hxg5 29. Nxg5 Bxc2 30. Qxc2 Rd3 31. Qe2 Be7 32. Ne4 g6 33. g3 Qc6 34. Rxd3 Rxd3 35. Qg2 Kg7 36. Re2 Rd1+ 37. Kh2 Qa8 38. Nf2 Qxg2+ 39. Kxg2 Rd5 40. Ne4 Rd3 41. Rd2 Rxd2+ 42. Nxd2 g5 43. Kf3 gxf4 44. gxf4 Kf8 45. a4 Ke8 46. axb5 axb5 47. Ke4 Kd7 48. Nf3 Bc5 49. Ng5 Ke7 50. Nf3 Kd7 51. Nd2 Kc6 52. b3 cxb3 53. Nxb3 Bb6 54. Nd2 Kc5 55. Kd3 Kc6 56. Ne4 Bd8 57. Nd6 f5 58. Nf7 Bb6 59. Ng5 Kd5 60. Nh7 Bf2 61. Nf6+ Kc6 62. Ne8 Bg3 63. Ke3 Be1 64. Kd3 Bg3 65. Ke3 Kd7 66. Nf6+ Kc6 67. Ne8 1/2-1/2


[Site "https://www.chess.com"]

[Event "Titled Tuesday Blitz June 20 Late 2023"]
[White "Simonian, Hrair"]
[Black "Le, Tuan Minh"]
[WhiteFideId "13302337"]
[BlackFideId "12401153"]
[WhiteElo "2447"]
[BlackElo "2566"]
[Result "0-1"]
[Round "8"]
[TimeControl "180+2"]
[Date "2023.06.20"]
[WhiteClock "0:00:00"]
[BlackClock "0:00:10"]
[Board "9"]

1. Nf3 d5 2. d4 Nf6 3. Bf4 c5 4. e3 Qb6 5. Nc3 Bd7 6. Rb1 e6 7. Be2 Be7 8. O-O O-O 9. Ne5 Rc8 10. Bf3 Be8 11. a3 Nbd7 12. Na4 Qa6 13. Nxd7 Nxd7 14. Nxc5 Nxc5 15. dxc5 Bxc5 16. e4 d4 17. Be2 Qb6 18. Bd3 Bf8 19. e5 Bc6 20. Qg4 Bd5 21. b4 Rc3 22. a4 a6 23. a5 Qa7 24. Bd2 Rc7 25. h4 Rac8 26. h5 b5 27. axb6 Qxb6 28. Ra1 Rxc2 29. Bxc2 Rxc2 30. Rfc1 Rxd2 31. Rc8 d3 32. Rf1 Rc2 33. Re8 h6 34. Qh4 Qc7 35. b5 axb5 36. Qb4 Qc5 37. Qh4 d2 38. Qd8 Rc1 0-1


[Site "https://www.chess.com"]

[Event "Titled Tuesday Blitz June 20 Late 2023"]
[White "Maksimovic, Bojan"]
[Black "Hakobyan, Aram"]
[WhiteFideId "14408120"]
[BlackFideId "13306677"]
[WhiteElo "2457"]
[BlackElo "2584"]
[Result "0-1"]
[Round "8"]
[TimeControl "180+2"]
[Date "2023.06.20"]
[WhiteClock "0:00:00"]
[BlackClock "0:00:03"]
[Board "10"]

1. e4 g6 2. g3 Bg7 3. Bg2 c5 4. Nf3 Nc6 5. O-O e5 6. Re1 Nge7 7. d3 O-O 8. Nbd2 d5 9. c3 d4 10. cxd4 cxd4 11. a3 a5 12. Kh1 h6 13. Ng1 a4 14. b3 b5 15. bxa4 Rxa4 16. Bh3 Bxh3 17. Nxh3 Qd7 18. Ng1 Rfa8 19. Bb2 b4 20. axb4 Rxa1 21. Bxa1 Nxb4 22. Qb3 Nec6 23. Nc4 Ra2 24. Kg2 Qa7 25. Bb2 Qa4 26. Qxa4 Rxa4 27. Rd1 Nxd3 28. Rxd3 Rxc4 29. Rd2 Bf8 30. Ba1 Bb4 31. Ra2 Bc3 32. Nf3 Kg7 33. h4 Rc5 34. Kf1 Ra5 35. Rxa5 Bxa5 36. Ke2 f6 37. Bb2 Bb4 38. h5 g5 39. Nh2 Na5 40. Ng4 Nc4 41. Bc1 Nd6 42. Kd3 Nb7 43. f4 Bd6 44. fxg5 fxg5 45. Kc4 Nd8 46. Kd5 Nf7 47. Ke6 Bb4 48. Nf2 Be1 49. Nd3 Bxg3 50. Kf5 Bf4 51. Ba3 Bg3 52. Bb4 Bh2 53. Ba3 Bf4 54. Bb4 Bh2 55. Ba3 Bg3 56. Be7 Bf4 57. Ba3 Nd8 58. Nxe5 Bxe5 59. Kxe5 Nc6+ 60. Kd5 d3 61. Bb2+ Kf7 62. Bc3 g4 63. Kxc6 g3 64. Kd7 g2 65. e5 g1=Q 66. e6+ Kg8 67. e7 Qg4+ 68. Kd8 Qg5 69. Kd7 Qd5+ 70. Kc7 Kf7 0-1


[Site "https://www.chess.com"]

[Event "Titled Tuesday Blitz June 20 Late 2023"]
[White "Bortnyk, Mykola"]
[Black "Riehle, Marco"]
[WhiteFideId "14120836"]
[BlackFideId "12904392"]
[WhiteElo "2592"]
[BlackElo "2462"]
[Result "1/2-1/2"]
[Round "8"]
[TimeControl "180+2"]
[Date "2023.06.20"]
[WhiteClock "0:00:03"]
[BlackClock "0:01:02"]
[Board "11"]

1. d4 d5 2. e3 e6 3. Bd3 c5 4. c3 Nf6 5. f4 Ne4 6. Nf3 Nc6 7. O-O b6 8. Nbd2 f5 9. Bb5 Bd7 10. Bxc6 Bxc6 11. Ne5 Qc7 12. Nxe4 dxe4 13. Qb3 Bd5 14. Qa4+ Ke7 15. Bd2 g6 16. Be1 Bg7 17. Bh4+ Bf6 18. Bxf6+ Kxf6 19. c4 Bb7 20. dxc5 bxc5 21. Rad1 Rhd8 22. Rd7 Rxd7 23. Qxd7 Qxd7 24. Nxd7+ Ke7 25. Nxc5 Bc6 26. Rd1 Rb8 27. b3 h6 28. h4 g5 29. hxg5 hxg5 30. g3 Rh8 31. b4 gxf4 32. gxf4 Rh3 33. Re1 e5 34. b5 Ba8 35. Kg2 Rf3 36. fxe5 f4 37. exf4 e3 38. f5 Rxf5+ 39. Kg3 Rxe5 40. Nd3 Re4 41. c5 Ke6 42. c6 Kd6 43. Kf3 Ra4 44. Kxe3 Rxa2 45. Rc1 Ra5 46. c7 Bb7 47. c8=Q Bxc8 48. Rxc8 Rxb5 49. Rh8 Rg5 50. Ke4 a5 51. Rh6+ Kc7 52. Kd4 a4 53. Nc5 Rg4+ 54. Kd5 Rg5+ 55. Kc4 Rg1 56. Nxa4 Rc1+ 57. Kb5 Rb1+ 58. Kc4 Rc1+ 59. Nc3 Kd7 60. Kd4 Rc2 61. Ne4 Rc1 62. Ke5 Kc7 63. Rh7+ Kc6 64. Rh8 Kc7 65. Rh2 Kc6 66. Rd2 Kc7 67. Kd5 Ra1 68. Nc5 Rc1 69. Ne6+ Kd7 70. Rh2 Rd1+ 71. Nd4 Ke7 72. Rh6 Kf7 73. Ke5 Re1+ 74. Kf4 Rf1+ 75. Nf3 Ke7 76. Ke4 Rf2 77. Nd4 Rf1 78. Nc6+ Kd7 79. Ne5+ Kc7 80. Kd5 Rd1+ 81. Kc5 Rc1+ 82. Nc4 Kd7 83. Rd6+ Ke7 84. Rg6 Kf7 85. Rg2 Ke7 86. Kd5 Rd1+ 87. Ke4 Re1+ 88. Ne3 Kd7 89. Rg3 Re2 90. Ke5 Kc6 91. Kd4 Rd2+ 92. Kc4 Rh2 93. Rg6+ Kd7 94. Nd5 Rc2+ 95. Kd4 Rd2+ 96. Ke4 Re2+ 97. Ne3 Re1 98. Kd4 Re2 99. Rh6 Re1 100. Nf5 Rd1+ 101. Kc5 Rc1+ 102. Kd5 Rd1+ 103. Nd4 Ke7 104. Ra6 Kf7 105. Ra3 Ke7 106. Re3+ 1/2-1/2


[Site "https://www.chess.com"]

[Event "Titled Tuesday Blitz June 20 Late 2023"]
[White "Babazada, Khazar"]
[Black "Can, Isik"]
[WhiteFideId "13413554"]
[BlackFideId "6383742"]
[WhiteElo "2369"]
[BlackElo "2374"]
[Result "1/2-1/2"]
[Round "8"]
[TimeControl "180+2"]
[Date "2023.06.20"]
[WhiteClock "0:00:50"]
[BlackClock "0:01:02"]
[Board "12"]

1. e4 c5 2. Nf3 e6 3. d4 cxd4 4. Nxd4 a6 5. Nc3 Qc7 6. Bd3 Nf6 7. O-O b5 8. Qe2 d6 9. Bg5 Be7 10. a4 b4 11. Na2 Qb6 12. Be3 Qb7 13. f3 O-O 14. c3 bxc3 15. Nxc3 Bd7 16. a5 Nc6 17. Na4 Nxa5 18. Nb6 Qxb6 19. Nxe6 Qb4 20. Bd2 Qb6+ 21. Be3 Qb4 22. Bd2 Qb6+ 23. Be3 1/2-1/2


[Site "https://www.chess.com"]

[Event "Titled Tuesday Blitz June 20 Late 2023"]
[White "Rustemov, Alexander"]
[Black "Makridis, Dimitrios"]
[WhiteFideId "4119002"]
[BlackFideId "25864475"]
[WhiteElo "2876"]
[BlackElo "2277"]
[Result "1-0"]
[Round "8"]
[TimeControl "180+2"]
[Date "2023.06.20"]
[WhiteClock "0:00:14"]
[BlackClock "0:00:07"]
[Board "13"]

1. d4 Nf6 2. c4 e6 3. Nf3 d5 4. Nc3 h6 5. Bf4 Bd6 6. Bg3 O-O 7. e3 c6 8. Rc1 Re8 9. Bd3 Bxg3 10. hxg3 Nbd7 11. O-O e5 12. Be2 e4 13. Nd2 Nf8 14. b4 g6 15. b5 h5 16. bxc6 bxc6 17. Qa4 Bd7 18. Nb3 Ne6 19. Qa5 Qxa5 20. Nxa5 Kf8 21. Rb1 Reb8 22. Rb3 Ke7 23. Rfb1 Rxb3 24. Rxb3 Kd8 25. Rb7 Nc7 26. Nb3 Nfe8 27. cxd5 Nd6 28. Rb4 cxd5 29. Nc5 Bc6 30. Kf1 Ne6 31. Nb3 Kc7 32. Ke1 a5 33. Ra4 Bxa4 34. Nxa4 Nd8 35. Nc3 Kc6 36. a4 Ne6 37. Bb5+ Nxb5 38. Nxb5 Nc7 39. Nc3 Kb6 40. Kd2 Rh8 41. Nc5 h4 42. gxh4 Rxh4 43. g3 Rh2 44. Ke2 Kc6 45. Nb3 Kb6 46. Nc5 Rh7 47. Nd7+ Kc6 48. Nc5 Rh8 49. Nb3 Ra8 50. Nc5 Ne6 51. Nb3 Kb6 52. Nxd5+ Kc6 53. Nf6 Nc7 54. Nxe4 Nd5 55. Nec5 f5 56. Kd3 Rh8 57. Nxa5+ Kd6 58. Nc4+ Ke7 59. Ne5 Kf6 60. a5 Ra8 61. a6 Nb4+ 62. Kc4 Nxa6 63. Ned7+ Ke7 64. Nb6 Rb8 65. Nd5+ Kd6 66. Nxa6 Rb2 67. f4 Rg2 68. Nc3 Rxg3 69. Kd3 Rh3 70. Nc5 Ke7 71. Ke2 Kd6 72. Nd3 Rh2+ 73. Kf3 Rh8 74. Ne5 Rg8 75. Ne2 Ke6 76. Ng1 g5 77. fxg5 Rxg5 78. Nh3 Rg8 79. Nf4+ Kd6 80. Nf7+ Ke7 81. Ne5 Kd6 82. Nc4+ Ke7 83. Nd2 Rh8 84. Nd3 Kf6 85. Nf4 Rh1 86. Nc4 Rf1+ 87. Ke2 Rc1 88. Ne5 Rc2+ 89. Kf3 Ra2 90. Ned3 Ra3 91. Nb4 Rb3 92. Nbd5+ Kg5 93. Kg3 Ra3 94. Kf3 Rb3 95. Ne6+ Kg6 96. Kf4 Rb1 97. Nc5 Rf1+ 98. Ke5 Kg5 99. Ne6+ Kg6 100. Nef4+ Kg5 101. Ne7 Ra1 102. Nxf5 Ra5+ 103. d5 Ra8 104. Ne6+ Kg4 105. e4 1-0


[Site "https://www.chess.com"]

[Event "Titled Tuesday Blitz June 20 Late 2023"]
[White "MaryanKyrychenko"]
[Black "Grigoriants, Sergey"]
[BlackFideId "4130804"]
[WhiteElo "2565"]
[BlackElo "2502"]
[Result "0-1"]
[Round "8"]
[TimeControl "180+2"]
[Date "2023.06.20"]
[WhiteClock "0:00:03"]
[BlackClock "0:00:48"]
[Board "14"]

1. e4 c5 2. Nc3 Nc6 3. f4 e6 4. Nf3 d5 5. Bb5 Ne7 6. O-O a6 7. Bxc6+ Nxc6 8. d3 Be7 9. Qe1 O-O 10. Qg3 d4 11. Ne2 f5 12. exf5 exf5 13. Ne5 Qd5 14. c4 dxc3 15. Nxc3 Qd6 16. Re1 Bf6 17. Nc4 Qd8 18. Ne5 Nd4 19. Qf2 b6 20. Be3 Bxe5 21. fxe5 Ne6 22. Rad1 f4 23. Bc1 Bb7 24. Ne4 Bd5 25. b3 Qe8 26. Qh4 Qg6 27. Kh1 Rf5 28. h3 Raf8 29. Qg4 f3 30. gxf3 Rxf3 31. Qxg6 hxg6 32. Kg1 Rxh3 33. Re2 Rff3 34. Rg2 Rxd3 35. Rxd3 Rxd3 36. Rxg6 Bxe4 37. Rxe6 Rd1+ 0-1


[Site "https://www.chess.com"]

[Event "Titled Tuesday Blitz June 20 Late 2023"]
[White "Velikanov, Alexander"]
[Black "Nakamura, Hikaru"]
[WhiteFideId "2039290"]
[BlackFideId "2016192"]
[WhiteElo "2259"]
[BlackElo "2874"]
[Result "0-1"]
[Round "8"]
[TimeControl "180+2"]
[Date "2023.06.20"]
[WhiteClock "0:00:07"]
[BlackClock "0:00:39"]
[Board "15"]

1. e4 c6 2. Nc3 d5 3. Nf3 Bg4 4. h3 Bxf3 5. Qxf3 e6 6. d4 dxe4 7. Nxe4 Qxd4 8. Bd3 Nd7 9. Bf4 Ne5 10. Bxe5 Qxe5 11. O-O-O Nf6 12. Rhe1 O-O-O 13. Kb1 Be7 14. Nxf6 Qxf6 15. Qxf6 Bxf6 16. c3 h5 17. Be4 Rde8 18. Kc2 h4 19. b4 Rh5 20. a4 a5 21. Bf3 Rf5 22. Re4 Kc7 23. Kb3 Ra8 24. Rc4 axb4 25. cxb4 Rxa4 26. Kxa4 b5+ 27. Kb3 bxc4+ 28. Kxc4 Rf4+ 29. Kb3 Be7 30. Rc1 Rxb4+ 31. Kc3 Rb6 32. Rc2 f5 33. Ra2 Bf6+ 34. Kc4 e5 35. Ra7+ Kd6 36. Bh5 Rb2 37. Be8 e4 38. Bd7 Rxf2 39. Bc8 e3 0-1


[Site "https://www.chess.com"]